 Dungeon Crawl Stone Soup version 0.19.4-8-ga85b6b9 (webtiles) character file.

51961 Kiturien the Severer (level 14, -2/133 HPs)
             Began as a Hill Orc Fighter on Feb 8, 2017.
             Was the Champion of Qazlal.
             Hit by a death yak thrown by Polyphemus (16 damage)
             ... on level 2 of the Shoals on Feb 9, 2017.
             The game lasted 01:35:18 (17288 turns).

Kiturien the Severer (Hill Orc Fighter)            Turns: 17288, Time: 01:35:19

Health: -2/133     AC: 31    Str: 27    XL:     14   Next: 61%
Magic:  20/20      EV:  8    Int:  8    God:    Qazlal [******]
Gold:   1735       SH: 21    Dex: 12    Spells: 2 memorised, 13 levels left

rFire  . . .     SeeInvis .     W - +5 war axe "Hajiff" {flame, rN+ Str-2 Dex+2}
rCold  + . .     Gourm    .     X - +0 crystal plate armour
rNeg   + . .     Faith    .     c - +0 shield
rPois  +         Spirit   .     (helmet restricted)
rElec  .         Reflect  .     y - +2 cloak {rPois}
rCorr  .         Harm     .     n - +0 pair of gloves
MR     +....     Clarity  +     b - +0 pair of boots
Stlth  ..........               s - amulet of regeneration
                                C - +2 ring of slaying
                                I - ring of protection from cold

@: mighty, protected from physical damage, slowed, repel missiles, very slow
A: horns 1, slimy green scales 1, blink, blurry vision 1, clarity, high mp 1
a: Blink, Upheaval, Elemental Force, Disaster Area, Renounce Religion


You were on level 2 of the Shoals.
You worshipped Qazlal.
Qazlal was exalted by your worship.
You were not hungry.

You visited 5 branches of the dungeon, and saw 20 of its levels.
You also visited: Labyrinth and Sewer.

You collected 2060 gold pieces.
You spent 325 gold pieces at shops.

Inventory:

Hand Weapons
 W - the +5 war axe "Hajiff" (weapon) {flame, rN+ Str-2 Dex+2}
   (You found it on level 1 of the Lair of Beasts)

   It has been specially enchanted to burn those struck by it, causing extra
   injury to most foes and up to half again as much damage against particularly
   susceptible opponents.
   Big, fiery blades are also staple armaments of hydra-hunters.
   It affects your strength (-2).
   It affects your dexterity (+2).
   It protects you from negative energy.
Missiles
 K - 6 throwing nets (quivered)
 R - 5 exploding tomahawks
Armour
 b - a +0 pair of boots (worn)
 c - a +0 shield (worn)
 g - a +2 helmet
 n - a +0 pair of gloves (worn)
 r - a +0 plate armour of magic resistance
 y - a +2 cloak of poison resistance (worn)
 X - a +0 crystal plate armour (worn)
Rods
 l - a +0 rod of shadows (11/11)
   (You took it off a minotaur in a labyrinth)
Jewellery
 i - an uncursed amulet of rage
 j - an uncursed ring of flight
 s - an amulet of regeneration (around neck)
 B - an uncursed ring of ice
 C - a +2 ring of slaying (right hand)
 I - a ring of protection from cold (left hand)
Wands
 x - a wand of flame (24/48)
 A - a wand of lightning (5/15)
 L - a wand of paralysis (24/24)
 M - a wand of enslavement (14/24)
Scrolls
 h - 5 scrolls of teleportation
 k - 3 scrolls of identify
 q - 16 scrolls of remove curse
 w - 2 scrolls of blinking
 F - 3 scrolls of immolation
 O - a scroll of amnesia
 P - a scroll of magic mapping
 T - a scroll of fear
Potions
 a - a potion of berserk rage
 d - 3 potions of might
 e - 4 potions of agility
 p - 3 potions of ambrosia
 t - 8 potions of curing
 u - a potion of cancellation
 v - 3 potions of haste
 z - 4 potions of brilliance
 E - 3 potions of flight
 G - a potion of magic
 Z - a potion of heal wounds
Books
 o - a book of Ice

   Spells                             Type                      Level
   a - Ice Form                       Ice/Transmutation            4
   b - Metabolic Englaciation         Hexes/Ice                    5
   c - Ozocubu's Refrigeration        Ice                          6
   d - Bolt of Cold                   Conjuration/Ice              6
   e - Freezing Cloud                 Conjuration/Ice/Air          6
   f - Simulacrum                     Ice/Necromancy               6
 H - a book of Debilitation

   Spells                             Type                      Level
   a - Corona                         Hexes                        1
   b - Slow                           Hexes                        2
   c - Gell's Gravitas                Hexes/Translocation          3
   d - Inner Flame                    Hexes/Fire                   3
   e - Cause Fear                     Hexes                        4
   f - Leda's Liquefaction            Hexes/Earth                  4
 J - Sif Muna's Tome of Dislocated Fascination
   (You found it on level 9 of the Dungeon)

   Spells                             Type                      Level
   a - Inner Flame                    Hexes/Fire                   3
   b - Summon Guardian Golem          Hexes/Summoning              3
   c - Yara's Violent Unravelling     Hexes/Transmutation          5
   d - Summon Forest                  Summoning/Translocation      5
 N - a Young Poisoner's Handbook

   Spells                             Type                      Level
   a - Sting                          Conjuration/Poison           1
   b - Mephitic Cloud                 Conjuration/Poison/Air       3
   c - Olgreb's Toxic Radiance        Poison                       4
   d - Alistair's Intoxication        Transmutation/Poison         5
   e - Venom Bolt                     Conjuration/Poison           5
 U - a book of Necromancy

   Spells                             Type                      Level
   a - Pain                           Necromancy                   1
   b - Animate Skeleton               Necromancy                   1
   c - Vampiric Draining              Necromancy                   3
   d - Regeneration                   Charms/Necromancy            3
   e - Animate Dead                   Necromancy                   4
   f - Control Undead                 Necromancy                   4
 V - a book of Minor Magic

   Spells                             Type                      Level
   a - Magic Dart                     Conjuration                  1
   b - Blink                          Translocation                2
   c - Call Imp                       Summoning                    2
   d - Repel Missiles                 Charms/Air                   2
   e - Slow                           Hexes                        2
   f - Conjure Flame                  Conjuration/Fire             3
   g - Mephitic Cloud                 Conjuration/Poison/Air       3
Miscellaneous
 S - a crystal ball of energy
Comestibles
 f - 12 bread rations
 m - 5 meat rations
 D - 8 beef jerkies
 Q - 8 fruits


   Skills:
 * Level 14.4 Fighting
 + Level 16.2 Axes
 * Level 9.7 Armour
 - Level 8.1 Dodging
 + Level 12.4 Shields
 * Level 3.2 Spellcasting
 * Level 5.9 Invocations


You had 13 spell levels left.
You knew the following spells:

 Your Spells              Type           Power        Failure   Level  Hunger
a - Mephitic Cloud        Conj/Pois/Air  #.......     100%        3    ####...
b - Regeneration          Chrm/Necr      #.........   100%        3    ####...


Dungeon Overview and Level Annotations

Branches:
Dungeon (13/15)            Temple (1/1) D:4            Lair (2/6) D:9
 Shoals (2/4) Lair:2          Orc (2/2) D:12            Elf (0/3) Orc:2
  Snake: Lair:2-4    Spider: Lair:2-4    Vaults: D:13-14

Altars:
Ashenzari
Cheibriados
Dithmenos
Elyvilon
Fedhas
Gozag
Hepliaklqana
Kikubaaqudgha
Makhleb
Nemelex Xobeh
Okawaru
Qazlal
Ru
Sif Muna
Trog
Uskayaw
Vehumet
Xom
Yredelemnul
Zin
The Shining One
Beogh

Shops:
D:8 %?   Orc:1 %*(   Orc:2 (:*:

Annotations:
Shoals:2 Polyphemus


Innate Abilities, Weirdness & Mutations

You have a pair of small horns on your head.
You are partially covered in slimy green scales. (AC +2)
You can translocate small distances at will.
Scrolls take you a little longer to read.
You possess an exceptional clarity of mind.
You have an increased reservoir of magic. (+10% MP)


Message History

Your unstable footing causes you to fumble your attack.
The merfolk aquamancer hits you with a vampiric rapier.
* * * LOW HITPOINT WARNING * * *
The merfolk aquamancer draws strength from your wounds!
You block the water elemental's attack.
The faun shoots a stone.
You block the stone. The satyr hits you but does no damage.
The water nymph touches you. The water nymph drowns you!
* * * LOW HITPOINT WARNING * * *
The snapping turtle is engulfed in freezing vapours.
The snapping turtle bites you from afar!
* * * LOW HITPOINT WARNING * * *
The faun shoots a sling bullet.
You block the sling bullet.
You hear a splash.
You block the merfolk aquamancer's attack.
The water elemental barely misses you.
A death yak and Polyphemus come into view.
You feel very mighty all of a sudden.
You hear a bellow!
Polyphemus throws the death yak at you!
You die...

≈≈..≈≈...≈....#.
≈≈≈≈≈≈≈≈≈≈≈≈.....
≈≈≈≈≈≈≈≈≈≈≈≈≈.....
≈≈≈≈≈≈≈≈≈≈≈≈....≈
≈≈≈≈≈≈≈≈≈≈≈....
≈≈≈≈≈≈≈≈≈≈≈≈.#
.≈≈≈≈≈≈≈§§§≈.##
..≈≈≈≈≈≈§≈m§≈.###≈≈
#..≈≈≈≈)c§@YtY.Y.C≈
#..≈≈≈≈(cEmcc##..≈.
.....≈≈≈≈EE§## ..
.≈.#.≈≈≈≈)≈$# ≈≈
##≈≈≈≈≈≈≈...
...≈≈≈≈≈≈≈≈≈≈..
≈≈≈≈≈≈≈≈≈≈≈≈≈≈≈≈
.≈≈≈≈≈≈≈≈≈≈≈≈≈%..
..≈≈≈≈≈≈≈..≈≈≈...


You could see Polyphemus, 3 death yaks, a satyr, a merfolk aquamancer, a
snapping turtle, 3 fauns, 3 water elementals and a water nymph.

Vanquished Creatures
  A merfolk impaler (Shoals:2)
  The ghost of Lennu the Carver, a journeyman FoFi of Okawaru (Lair:2)
  A minotaur (Lab)
  Fannar (D:10)
  A hydra (D:12)
  A death knight (D:12)
  The ghost of miloradov the Magician, a journeyman HuEE of Vehumet (D:11)
  The ghost of Apert the Cleaver, a novice MiBe of Trog (D:10)
  A queen ant (D:11)
  The ghost of Bavatarro the Bludgeoner, a novice MiBe of Trog (Lair:2)
  3 orc high priests (Orc:2)
  The ghost of morra the Thaumaturge, a novice DESu (D:11)
  2 sea snakes
  4 orc knights (Orc:2)
  Pikel (D:5)
  5 hill giants
  A phantasmal warrior (D:12)
  7 harpies (Shoals:1)
  2 ugly things
  3 fauns (Shoals:1)
  6 orc sorcerers (Orc:2)
  2 manticores
  A cyclops (D:12)
  3 sirens
  A black mamba (Lair:2)
  3 water nymphs
  2 spiny frogs
  A gargoyle (D:10)
  Psyche (D:9)
  A freezing wraith (D:12)
  5 trolls
  6 merfolk
  2 hornets
  A blink frog (Lair:2)
  A hippogriff (D:12)
  4 snapping turtles (Shoals:1)
  19 yaks
  6 wraiths
  2 water elementals
  A hungry ghost (D:11)
  2 mottled dragons (D:12)
  14 soldier ants (D:11)
  5 water moccasins
  3 ice beasts
  4 sky beasts
  A slave (D:5)
  25 orc warriors
  A black bear (D:9)
  17 ogres
  A necrophage (D:7)
  3 wolves (Lair:1)
  7 centaurs
  5 crocodiles
  Blork the orc (D:6)
  A big kobold (D:11)
  15 bullfrogs
  A gnoll sergeant (D:10)
  5 scorpions
  51 killer bees
  6 wights
  5 howler monkeys
  4 crimson imps
  A jelly (D:11)
  22 orc priests
  Crazy Yiuf (D:2)
  6 centaur zombies
  3 hounds
  2 bullfrog skeletons (D:12)
  3 centaur skeletons
  Ijyb (D:2)
  4 iguanas
  19 orc wizards
  41 worker ants
  A hound skeleton (D:9)
  2 worker ant zombies
  4 gnolls (D:10)
  11 adders
  A river rat (D:4)
  A shadow imp (D:10)
  2 oozes (D:2)
  An adder skeleton (D:5)
  4 worms
  2 dart slugs
  2 leopard geckos
  83 orcs
  8 bats
  7 giant cockroaches
  14 goblins
  8 hobgoblins
  23 jackals
  3 quokkas
  7 ball pythons
  9 frilled lizards
  13 kobolds
  2 leopard gecko zombies
  8 rats
  3 fungi
  19 plants
625 creatures vanquished.

Vanquished Creatures (others)
  An orc wizard (Orc:2)
  A fungus (Lair:2)
2 creatures vanquished.

Grand Total: 627 creatures vanquished

Notes
Turn   | Place    | Note
-------+----------+-------------------------------------------
     0 | D:1      | Kiturien the Hill Orc Fighter began the quest for the Orb.
     0 | D:1      | Reached XP level 1. HP: 19/19 MP: 1/1
   240 | D:1      | Reached XP level 2. HP: 27/27 MP: 2/2
   607 | D:1      | Reached skill level 3 in Axes
   713 | D:1      | Reached XP level 3. HP: 33/33 MP: 3/3
  1296 | D:2      | Noticed Ijyb
  1307 | D:2      | Killed Ijyb
  1307 | D:2      | Reached XP level 4. HP: 40/40 MP: 4/4
  1407 | D:2      | You fall through a shaft!
  1473 | D:3      | Reached skill level 1 in Dodging
  1624 | D:2      | Reached skill level 4 in Axes
  1921 | D:2      | Reached XP level 5. HP: 42/46 MP: 5/5
  2056 | D:2      | Found a runed door.
  2060 | D:2      | Noticed Crazy Yiuf
  2070 | D:2      | Killed Crazy Yiuf
  2927 | D:4      | Found a staircase to the Ecumenical Temple.
  2927 | D:4      | Noticed an ogre
  2935 | D:4      | Killed an ogre
  2935 | D:4      | Reached skill level 5 in Axes
  2935 | D:4      | Reached XP level 6. HP: 47/55 MP: 6/6
  2947 | Temple   | Entered the Ecumenical Temple
  3038 | Temple   | Became a worshipper of Qazlal Stormbringer
  3149 | D:4      | Reached skill level 5 in Fighting
  3178 | D:4      | Found a glowing drain.
  3207 | Sewer    | Entered a sewer
  3489 | Sewer    | Reached * piety under Qazlal
  4154 | D:4      | Reached XP level 7. HP: 41/61 MP: 7/7
  4462 | D:4      | Reached skill level 6 in Axes
  4474 | D:5      | Entered Level 5 of the Dungeon
  4535 | D:5      | Reached skill level 5 in Shields
  4640 | D:5      | Noticed Pikel
  4657 | D:5      | Killed Pikel
  4657 | D:5      | Reached skill level 7 in Axes
  4657 | D:5      | Reached XP level 8. HP: 61/70 MP: 8/8
  4954 | D:5      | Reached skill level 8 in Axes
  5192 | D:6      | Reached skill level 5 in Armour
  5505 | D:6      | Noticed Blork the orc
  5522 | D:6      | Killed Blork the orc
  5522 | D:6      | Reached XP level 9. HP: 76/79 MP: 9/9
  5820 | D:6      | Reached skill level 9 in Axes
  5896 | D:7      | Reached ** piety under Qazlal
  6102 | D:7      | Noticed a troll
  6127 | D:7      | Killed a troll
  6520 | D:8      | Reached skill level 10 in Axes
  6766 | D:8      | Found Hiced's Magic Scroll Shoppe.
  6801 | D:8      | Bought a scroll of identify for 24 gold pieces
  6801 | D:8      | Bought a scroll of identify for 24 gold pieces
  6801 | D:8      | Bought a scroll of identify for 24 gold pieces
  6801 | D:8      | Bought a scroll of identify for 24 gold pieces
  6826 | D:8      | You fall through a shaft!
  6826 | D:9      | Found a staircase to the Lair.
  6877 | D:9      | Noticed a hornet
  6885 | D:9      | Killed a hornet
  6920 | D:9      | Reached XP level 10. HP: 88/90 MP: 10/10
  7022 | D:8      | Learned a level 3 spell: Mephitic Cloud
  7173 | D:8      | Reached *** piety under Qazlal
  7519 | D:8      | Found Zeboti's Food Boutique.
  7558 | D:8      | Reached skill level 11 in Axes
  7864 | D:9      | Reached skill level 5 in Dodging
  7917 | D:9      | Noticed Psyche
  7936 | D:9      | Killed Psyche
  7950 | D:9      | Identified Sif Muna's Tome of Dislocated Fascination
  8174 | D:10     | Entered Level 10 of the Dungeon
  8412 | D:10     | Learned a level 3 spell: Regeneration
  8519 | D:10     | Reached skill level 12 in Axes
  8528 | D:10     | Noticed Apert's ghost (novice MiBe)
  8607 | D:10     | Killed Apert's ghost
  8607 | D:10     | Reached XP level 11. HP: 80/99 MP: 11/11
  8730 | D:10     | Reached **** piety under Qazlal
  8730 | D:10     | Reached skill level 10 in Fighting
  9029 | D:10     | Noticed Fannar
  9088 | D:10     | Killed Fannar
  9351 | D:10     | Gained mutation: You are partially covered in slimy green scales. (AC +2) [mutagenic meat]
  9352 | D:10     | Gained mutation: Armour fits poorly on your strangely shaped body. [mutagenic meat]
  9353 | D:10     | Gained mutation: You possess an exceptional clarity of mind. [mutagenic meat]
  9354 | D:10     | Gained mutation: You have an increased reservoir of magic. (+10% MP) [mutagenic meat]
  9355 | D:10     | Lost mutation: Armour fits poorly on your strangely shaped body. [mutagenic meat]
  9700 | D:10     | Reached skill level 13 in Axes
  9720 | D:11     | Gained mutation: You have a pair of small horns on your head. [mutagenic meat]
  9778 | D:11     | Noticed a hill giant
  9787 | D:11     | Killed a hill giant
  9918 | D:11     | Noticed a hill giant
  9930 | D:11     | Killed a hill giant
 10106 | D:11     | Noticed miloradov's ghost (journeyman HuEE)
 10121 | D:11     | Killed miloradov's ghost
 10211 | D:11     | Reached XP level 12. HP: 109/110 MP: 13/13
 10226 | D:11     | Reached ***** piety under Qazlal
 10251 | D:11     | Reached skill level 14 in Axes
 10298 | D:11     | Noticed a queen ant
 10308 | D:11     | Killed a queen ant
 10329 | D:11     | Noticed morra's ghost (novice DESu)
 10334 | D:11     | Killed morra's ghost
 10962 | D:11     | Gained mutation: You can translocate small distances at will. [mutagenic meat]
 10963 | D:11     | Gained mutation: Scrolls take you a little longer to read. [mutagenic meat]
 11190 | D:11     | Reached skill level 10 in Shields
 11506 | D:11     | Reached ****** piety under Qazlal
 11602 | D:12     | Reached skill level 15 in Axes
 11642 | D:12     | Noticed a death knight
 11764 | D:12     | Got a fine buckler
 11775 | D:12     | Identified the +2 buckler of the Ancient Stars {Dex+4} (You found it on level 12 of the Dungeon)
 11812 | D:12     | Reached XP level 13. HP: 119/119 MP: 14/14
 12060 | D:12     | Found a staircase to the Orcish Mines.
 12427 | D:12     | Found an iron altar of Okawaru.
 12932 | Orc:1    | Entered Level 1 of the Orcish Mines
 13023 | Orc:1    | Found Qiphoas's Weapon Boutique.
 13093 | Orc:1    | Found a roughly hewn altar of Beogh.
 13171 | Orc:1    | Found Ixoig's Assorted Antiques.
 13202 | Orc:1    | Found Millik's Food Shop.
 13354 | Orc:2    | Entered Level 2 of the Orcish Mines
 13437 | Orc:2    | Reached skill level 1 in Invocations
 13712 | Orc:2    | Reached skill level 1 in Spellcasting
 13752 | Orc:2    | HP: 6/122 [orc sorcerer/bolt of negative energy (31)]
 14202 | Orc:2    | Found a staircase to the Elven Halls.
 14252 | Orc:2    | Found Iqofoana's Book Shoppe.
 14257 | Orc:2    | Found Fuep's Assorted Antiques.
 14262 | Orc:2    | Bought an encrusted trident for 229 gold pieces
 14262 | Orc:2    | Identified the cursed +1 trident "Sucodur" {drain, rF- rC++ Str+3 Dex+2} (You bought it in a shop on level 2 of the Orcish Mines)
 14277 | Orc:2    | Found Tumuxzut's Book Shop.
 14279 | Orc:2    | Found Duda Hekk's Antique Weapon Shoppe.
 14546 | Lair:1   | Entered Level 1 of the Lair of Beasts
 14628 | Lair:1   | Got a shimmering war axe
 14629 | Lair:1   | Identified the +5 war axe "Hajiff" {flame, rN+ Str-2 Dex+2} (You found it on level 1 of the Lair of Beasts)
 14957 | Lair:2   | Noticed Lennu's ghost (journeyman FoFi)
 14977 | Lair:2   | Found a labyrinth entrance.
 14981 | Lab      | Entered a labyrinth
 16123 | Lab      | Found an exit through the horrors of the Abyss.
 16172 | Lab      | Noticed a minotaur
 16185 | Lab      | Killed a minotaur
 16185 | Lab      | Reached skill level 16 in Axes
 16185 | Lab      | Reached XP level 14. HP: 51/130 MP: 18/18
 16246 | Lab      | Identified a +0 rod of shadows (3/11) (You took it off a minotaur in a labyrinth)
 16277 | Lair:2   | Killed Lennu's ghost
 16534 | Lair:2   | Found a staircase to the Shoals.
 16615 | Lair:2   | Noticed Bavatarro's ghost (novice MiBe)
 16630 | Lair:2   | Killed Bavatarro's ghost
 16642 | Shoals:1 | Entered Level 1 of the Shoals
 16850 | Shoals:1 | Reached skill level 5 in Invocations
 17288 | Shoals:2 | Noticed Polyphemus
 17288 | Shoals:2 | Hit by a death yak thrown by Polyphemus

Skill      XL: |  1  2  3  4  5  6  7  8  9 10 11 12 13 14 |
---------------+-------------------------------------------+-----
Axes           | 3 4 5 7 8 10 12 13 15 16 | 16.2
Fighting       | 4 5 6 7 8 9 11 12 13 14 | 14.4
Shields        | 4 5 6 8 9 10 11 12 | 12.4
Dodging        | 1 2 3 4 5 6 7 8 |  8.1
Armour         | 4 5 6 7 8 9 |  9.7
Invocations    | 3 5 |  5.9
Spellcasting   | 2 3 |  3.2

Action                   |  1- 3 |  4- 6 |  7- 9 | 10-12 | 13-15 || total
-------------------------+-------+-------+-------+-------+-------++-------
Melee: War axe           |   111 |   351 |   321 |   913 |   674 ||  2370
       Headbutt          |       |       |       |    92 |   133 ||   225
 Abil: Evoke Flight      |       |     2 |       |       |       ||     2
Evoke: Wand              |       |       |     1 |       |     2 ||     3
  Use: Potion            |     1 |       |     1 |     1 |     3 ||     6
       Scroll            |       |    11 |     8 |     4 |    12 ||    35
 Stab: Paralysed         |       |       |       |       |     4 ||     4
  Eat: Chunk             |     1 |     9 |     7 |    24 |     8 ||    49
       Bread ration      |       |     1 |       |       |       ||     1
       Royal jelly       |       |       |       |     1 |     1 ||     2
       Pizza             |       |       |       |       |     3 ||     3
       Beef jerky        |       |       |       |       |     2 ||     2
Armor: Scale mail        |    59 |   126 |     5 |       |       ||   190
       Chain mail        |       |       |   161 |    10 |       ||   171
       Plate armour      |       |       |       |   320 |   164 ||   484
       Ring mail         |       |       |       |     3 |       ||     3
       Crystal plate arm |       |       |       |       |   145 ||   145
Dodge: Dodged            |    32 |    86 |    83 |   173 |   120 ||   494
       Deflected         |       |       |       |     2 |    36 ||    38
Block: Shield            |    62 |   157 |   198 |   764 |   765 ||  1946
       Buckler           |       |       |     2 |     9 |       ||    11
       Other             |       |       |       |     1 |       ||     1
